AoeStats
← 2nd.DaMbEdAi | BoNzAi

African Clearing

506919179Analyzed
3v3 RM · 17d ago on Sep 15, 2026· 32m 20s· 6 players
Game mode
Random Map
Map size
Normal (6 player)
Population
200
Speed
Normal
Resources
Standard
Victory
Conquest
Starting age
Dark Age
Ending age
Imperial Age
RankedLock teamsTeams togetherTeam positionsShared explorationLock speedFull tech treeHidden civsTurbo modeCheats
Victory
Defeat
🇨🇴 Japanese · Colombia
1373
+15
🇪🇸 Vietnamese · Spain
1329
+16
🇺🇸 Maya · United States
1278
+19
🇩🇪 Italians · Germany
1496
-22
🇩🇪 Jurchens · Germany
1495
-22
1022
-6
momizzle13
10:20 Loom
13:36 Feudal Age
17:56 Castle Age
16:17 Double-Bit Axe
20:00 Wheelbarrow
26:07 Fletching
28:00 Bodkin Arrow
28:41 Padded Archer Armor
2nd.DaMbEdAi | BoNzAi
12:32 Loom
15:28 Feudal Age
16:40 Double-Bit Axe
16:49 Horse Collar
19:07 Wheelbarrow
21:20 Castle Age
22:34 Padded Archer Armor
24:53 Forging
24:42 Fletching
hannezthemenace
10:11 Loom
12:16 Feudal Age
12:49 Double-Bit Axe
15:34 Forging
24:29 Castle Age
23:38 Bloodlines
24:11 Fletching
25:06 Bodkin Arrow
26:00 Bow Saw
25:55 Padded Archer Armor
28:24 Husbandry
MTC
8:56 Loom
13:42 Feudal Age
17:52 Castle Age
16:25 Double-Bit Axe
19:29 Wheelbarrow
19:11 Bow Saw
20:07 Fletching
22:38 Padded Archer Armor
26:44 Bodkin Arrow
29:10 Horse Collar
T91Official
9:55 Loom
11:47 Feudal Age
12:13 Man-at-Arms
18:38 Fletching
21:48 Forging
26:32 Padded Archer Armor
30:54 Castle Age
29:36 Gold Mining
31:09 Crossbowman
32:41 Wheelbarrow
seantricks
3:19 Loom
11:41 Feudal Age
12:09 Double-Bit Axe
14:59 Fletching
21:29 Castle Age
20:19 Scale Mail Armor
20:51 Forging
22:08 Bodkin Arrow
22:09 Crossbowman
23:08 Bow Saw
24:30 Loom
29:05 Sanctity
31:15 Wheelbarrow
Connection lost

Rejoining the realm…

Still unreachable

The connection could not be restored.

Session expired

The server has moved on; the page needs a fresh start.